 Dungeon Crawl Stone Soup version 0.30-a0-389-g8d7d949f56 (webtiles) character file.

Game seed: 11583468461000430372

64 arthad the Magician (level 4, -2/32 HPs)
             Began as a Gnoll Hedge Wizard on Dec 3, 2022.
             Slain by an orc
             ... wielding a +0 club
              (4 damage)
             ... on level 2 of the Dungeon on Dec 4, 2022.
             The game lasted 00:05:39 (2538 turns).

arthad the Magician (Gnoll Hedge Wizard)            Turns: 2538, Time: 00:05:40

Health: -2/32      AC:  2    Str:  9    XL:     4   Next: 12%
Magic:  1/13       EV: 13    Int: 15    God:
Gold:   70         SH:  0    Dex: 12    Spells: 16/17 levels left

rFire   . . .      SeeInvis .    p - +0 whip (elec)
rCold   . . .      Faith    .    (no shield)
rNeg    + . .      Spirit   .    b - +0 robe
rPois   .          Reflect  .    c - +0 hat
rElec   .          Harm     .    (no cloak)
rCorr   .          Rampage  .    (no gloves)
Will    .....                    (no boots)
Stlth   ++........               (no amulet)
HPRegen 0.25/turn                g - ring of positive energy
MPRegen 0.13/turn                q - ring of flight

@: flying
A: fangs 1, strong nose, distributed training
a: no special abilities


You were on level 2 of the Dungeon.
You visited 1 branch of the dungeon, and saw 3 of its levels.

You collected 140 gold pieces.
You spent 70 gold pieces at shops.

Inventory:

Hand Weapons
 a - a +0 dagger
 p - a +0 whip of electrocution (weapon)
Missiles
 m - 6 poisoned darts
 r - 2 throwing nets
Armour
 b - a +0 robe (worn)
 c - a +0 hat (worn)
 j - a +0 helmet
Jewellery
 g - a ring of positive energy (left hand)
 q - a ring of flight (right hand)
Scrolls
 f - 2 scrolls of identify {unknown}
 h - a scroll of teleportation {unknown}
 k - a scroll of blinking {unknown}
 n - a scroll of enchant weapon {unknown}
 o - a scroll of amnesia {unknown}
Potions
 d - a potion of magic
 i - a potion of degeneration {unknown}
 l - a potion of brilliance {unknown}


   Skills:
 + Level 1.1 Fighting
 + Level 1.1 Short Blades
 + Level 1.1 Long Blades
 + Level 1.1 Axes
 + Level 1.1 Maces & Flails
 + Level 1.1 Polearms
 + Level 1.1 Staves
 + Level 1.1 Ranged Weapons
 + Level 1.1 Throwing
 + Level 1.1 Armour
 + Level 4.6 Dodging
 + Level 4.2 Stealth
 + Level 1.1 Shields
 + Level 1.1 Unarmed Combat
 + Level 7.2 Spellcasting
 + Level 2.2 Conjurations
 + Level 0.8 Hexes
 + Level 2.2 Summonings
 + Level 0.8 Necromancy
 + Level 2.2 Translocations
 + Level 0.8 Transmutations
 + Level 0.8 Fire Magic
 + Level 0.8 Ice Magic
 + Level 0.8 Air Magic
 + Level 0.8 Earth Magic
 + Level 0.8 Poison Magic
 + Level 1.2 Invocations
 + Level 1.1 Evocations


You had 16 spell levels left.
You knew the following spells:

 Your Spells              Type           Power      Damage    Failure   Level
a - Magic Dart            Conj           48%        1d5       5%          1

Your spell library contained the following spells:

 Spells                   Type           Power      Damage    Failure   Level
 Apportation              Tloc           24%        N/A       5%          1
 Blink                    Tloc           24%        N/A       8%          2
 Call Imp                 Summ           12%        N/A       8%          2
 Slow                     Hex            32%        N/A       9%          1
 Cigotuvi's Dreadful Rot  Necr/Pois/Air  16%        N/A       14%         2
 Dazzling Flash           Conj/Hex       20%        N/A       21%         3
 Mephitic Cloud           Conj/Pois/Air  9%         N/A       22%         3
 Confusing Touch          Hex            8%         N/A       26%         3
 Vampiric Draining        Necr           8%         2d6       26%         3
 Agony                    Necr           8%         N/A       94%         5
 Alistair's Intoxication  Tmut/Pois      5%         N/A       94%         5
 Silence                  Hex/Air        4%         N/A       94%         5


Dungeon Overview and Level Annotations

Branches:
Dungeon (3/15)

Altars:

Shops:
D:2 *


Innate Abilities, Weirdness & Mutations

You have very sharp teeth.
Your uncanny sense of smell can sniff out nearby items.
Your experience applies equally to all skills.


Message History

You feel much better. The orc hits you with a +0 whip.
Aiming: Magic Dart (safe; 5% risk of failure)
Press: ? - help, Q - select action, (/) - cycle Shift-Dir - straight line, f - orc
Aim: an orc, wielding a +0 whip and wearing a +0 leather armour (100% to hit)
The magic dart hits the orc.
The orc is lightly wounded.
The orc barely misses you.
Unknown command.
Aiming: Magic Dart (safe; 5% risk of failure)
Press: ? - help, Q - select action, (/) - cycle Shift-Dir - straight line, f/p - orc
Aim: an orc, wielding a +0 whip and wearing a +0 leather armour (lightly wounded, 100% to hit)
The magic dart hits the orc but does no damage.
The orc is lightly wounded.
The orc hits you with a +0 whip.
* * * LOW HITPOINT WARNING * * *
Aiming: Magic Dart (safe; 5% risk of failure)
Press: ? - help, Q - select action, (/) - cycle Shift-Dir - straight line, f/p - orc
Aim: an orc, wielding a +0 whip and wearing a +0 leather armour (lightly wounded, 100% to hit)
The magic dart hits the orc.
The orc is moderately wounded.
The orc hits you with a +0 whip.
* * * LOW HITPOINT WARNING * * *
You hit the orc but do no damage. Lightning courses through the orc!
You kill the orc!
You closely miss the orc. The orc hits you with a +0 club.
* * * LOW HITPOINT WARNING * * *
You hit the orc.
The orc is severely wounded.
The orc barely misses you.
You hit the orc but do no damage.
The orc is severely wounded.
The orc hits you with a +0 club.
* * * LOW HITPOINT WARNING * * *
You barely miss the orc.
The orc is severely wounded.
The orc completely misses you.
You hit the orc but do no damage.
The orc is severely wounded.
The orc hits you with a +0 club.
You die...

#.....'..............>.....
#.....##.####.######.#.#### ###
#.....#..#.....#.....#.# # ..##
#.....#.##.#.....#####.#### ...#
#.....#.................... ...#
#####......#####...###.###. ...#
########...#.....#.###.
...###############.#.#.#.........
................@o.......>.#.####
####.###############.#[....#.####
######'.###....##........#.##..
#≈≈≈≈≈#.'.#.##.##........#.##.#
#....≈#.#.#)##.##.#####..#.##.#
#....≈#.#.#.##.##.# #.##....#
##....≈#.#...##.##.# #.#######
#'######.##..##....# #.# #...#
#.###.####..# #.#


You could see an orc.

Vanquished Creatures
  An adder (D:2)
  A worm (D:2)
  5 orcs
  5 bats
  5 endoplasms
  4 giant cockroaches
  3 goblins
  4 hobgoblins
  3 jackals (D:2)
  2 ball pythons
  2 frilled lizards (D:1)
  6 kobolds
  3 rats
44 creatures vanquished.

Notes
Turn   | Place    | Note
-------+----------+-------------------------------------------
     0 | D:1      | arthad the Gnoll Hedge Wizard began the quest for the Orb.
     0 | D:1      | Reached XP level 1. HP: 13/13 MP: 8/8
   196 | D:1      | Reached XP level 2. HP: 19/19 MP: 7/10
   476 | D:1      | You fall into a shaft and drop 1 floor!
  1382 | D:2      | Reached XP level 3. HP: 25/25 MP: 6/11
  1643 | D:2      | Found a faded altar of an unknown god.
  1695 | D:2      | Reached skill level 1 in Invocations
  1856 | D:2      | Found Mefeg's General Store.
  2021 | D:2      | Bought a potion of heal wounds for 70 gold pieces
  2216 | D:2      | Reached skill level 1 in Fighting
  2216 | D:2      | Reached skill level 1 in Short Blades
  2216 | D:2      | Reached skill level 1 in Long Blades
  2216 | D:2      | Reached skill level 1 in Axes
  2216 | D:2      | Reached skill level 1 in Maces & Flails
  2216 | D:2      | Reached skill level 1 in Polearms
  2216 | D:2      | Reached skill level 1 in Staves
  2216 | D:2      | Reached skill level 1 in Ranged Weapons
  2216 | D:2      | Reached skill level 1 in Throwing
  2216 | D:2      | Reached skill level 1 in Armour
  2216 | D:2      | Reached skill level 1 in Shields
  2216 | D:2      | Reached skill level 1 in Unarmed Combat
  2216 | D:2      | Reached skill level 1 in Evocations
  2467 | D:3      | Reached XP level 4. HP: 32/32 MP: 0/13
  2506 | D:3      | HP: 1/32 [orc/+0 long sword (8)]
  2538 | D:2      | Slain by an orc

Illustrated notes

Levels and vault maps discovered:
D:1:      erik_arrival_cave_to_civilisation [erik_arrival_cave_to_hall],
          layout_rooms, dk_noncrumbling_4, minivault_4
D:2:      layout_basic, serial_shops, nicolae_shop_advertising_works
          [nicolae_subvault_shop_adworks], ebering_ecumenical_altar_box,
          chequers_serial_rivers_room_a
D:3:      layout_rooms

Skill      XL: |  1  2  3 |
---------------+----------+-----
Conjurations   | 2 |  2.2
Summonings     | 2 |  2.2
Translocations | 2 |  2.2
Invocations    | 1 |  1.2
Fighting       | 1 |  1.1
Short Blades   | 1 |  1.1
Long Blades    | 1 |  1.1
Axes           | 1 |  1.1
Maces & Flails | 1 |  1.1
Polearms       | 1 |  1.1
Staves         | 1 |  1.1
Ranged Weapons | 1 |  1.1
Throwing       | 1 |  1.1
Armour         | 1 |  1.1
Shields        | 1 |  1.1
Unarmed Combat | 1 |  1.1
Evocations     | 1 |  1.1
Dodging        | |  4.6
Stealth        | |  4.2
Spellcasting   | |  7.2
Hexes          | |  0.8
Necromancy     | |  0.8
Transmutations | |  0.8
Fire Magic     | |  0.8
Ice Magic      | |  0.8
Air Magic      | |  0.8
Earth Magic    | |  0.8
Poison Magic   | |  0.8

Action                   |  1- 3 |  4- 6 || total
-------------------------+-------+-------++-------
Melee: Dagger            |     6 |       ||     6
       Whip              |     3 |    29 ||    32
       Bite              |     1 |     4 ||     5
 Cast: Magic Dart        |   103 |     7 ||   110
  Use: Potion            |       |     2 ||     2
 Stab: Sleeping          |     1 |       ||     1
Armor: Robe              |     1 |     1 ||     2
Dodge: Dodged            |    18 |    41 ||    59

Table legend: (Time is in decaauts)
 A = Elapsed time spent in this place.
 B = Non-inter-level travel time spent in this place.
 C = Inter-level travel time spent in this place.
 D = Time resting spent in this place.
 E = Time spent auto-exploring this place.
 F = Levels seen in this place.
 G = Mean time per level.
                   A        B        C        D        E       F      G
               +--------+--------+--------+--------+--------+-----+--------+
         Total |   2538 |   2505 |     33 |     73 |   2109 |   3 |  846.0 |
       Dungeon |   2538 |   2505 |     33 |     73 |   2109 |   3 |  846.0 |
               +--------+--------+--------+--------+--------+-----+--------+

Top non-repeatable levels by time:
     D:2: 1580 daAuts
     D:1: 888 daAuts
     D:3: 69 daAuts
